 Dungeon Crawl Stone Soup version 0.29.1-1-gd02db6906a (webtiles) character file.

Game seed: 13485710592920356381

56 Senryu the Digger (level 3, -5/28 HPs)
             Began as a Draconian Earth Elementalist on Sept 22, 2022.
             Slain by a river rat (8 damage)
             ... in a sewer.
             The game lasted 00:03:23 (442 turns).

Senryu the Digger (Draconian Earth Elementalist)     Turns: 442, Time: 00:03:23

Health: -5/28      AC:  5    Str: 10    XL:     3   Next: 69%
Magic:  1/6        EV: 12    Int: 17    God:
Gold:   0          SH:  0    Dex: 11    Spells: 0/6 levels left

rFire   . . .      SeeInvis .   (no weapon)
rCold   . . .      Faith    .   (no shield)
rNeg    . . .      Spirit   .   (body armour unavailable)
rPois   .          Reflect  .   (helmet restricted)
rElec   .          Harm     .   (no cloak)
rCorr   .          Rampage  .   (no gloves)
Will    .....                   (no boots)
Stlth   ++........              (no amulet)
HPRegen 0.09/turn               (no ring)
MPRegen 0.10/turn               (no ring)

@: no status effects
A: AC +5, unfitting armour, cold-blooded, sense surroundings 1, robust 1
a: no special abilities


You were in a sewer.
You visited 1 branch of the dungeon, and saw 3 of its levels.
You also visited: Sewer.

Inventory:

Scrolls
 c - 2 scrolls of enchant armour
 d - a scroll of enchant weapon {unknown}
Potions
 b - a potion of mutation


   Skills:
 * Level 2.2 Dodging
 * Level 2.0 Stealth
 * Level 2.4 Spellcasting
 * Level 1.3 Transmutations
 * Level 3.8 Earth Magic


You couldn't memorise any spells.
You knew the following spells:

 Your Spells              Type           Power      Damage    Failure   Level
a - Sandblast             Erth           30%        2d9       3%          1
b - Passwall              Tmut/Erth      8%         N/A       10%         2
c - Stone Arrow           Conj/Erth      16%        3d8       26%         3

Your spell library contained the following spells:

 Spells                   Type           Power      Damage    Failure   Level
 Petrify                  Tmut/Erth      10%        N/A       54%         4


Dungeon Overview and Level Annotations

Branches:
Dungeon (3/15)              Sewer (1/1)

Altars:
Fedhas


Innate Abilities, Weirdness & Mutations

Your plain brown scales are hard. (AC +5)
You cannot fit into any form of body armour.
You are cold-blooded and may be slowed by cold attacks.
You passively map a small area around you.
You are robust. (+10% HP)


Message History

The river rat attacks as you move away!
The river rat bites you but does no damage.
The river rat barely misses you.
Your magical contamination has completely faded away.
The river rat attacks as you move away!
The river rat bites you but does no damage.
The river rat closely misses you.
Casting: Sandblast (safe; 3% risk of failure)
Confirm with . or Enter, or press ? or * to list all spells.
Aiming: Sandblast (safe; 3% risk of failure)
Press: ? - help, Shift-Dir - straight line, p - river rat The river rat bites you.
* * * LOW HITPOINT WARNING * * *
Unknown command.
The river rat closely misses you.
There is an empty arch of ancient stone here.
You enter the shallow water.
Moving in this stuff is going to be slow.
The river rat bites you but does no damage.
The river rat attacks as you move away! The river rat barely misses you.
The river rat barely misses you.
The river rat twitches its whiskers.
The river rat bites you but does no damage.
You see here a river rat corpse.
Casting: Sandblast (safe; 3% risk of failure)
Confirm with . or Enter, or press ? or * to list all spells.
Aiming: Sandblast (safe; 3% risk of failure)
Press: ? - help, Shift-Dir - straight line, f - river rat
Aim: a river rat (severely wounded, 80% to hit)
The blast of sand hits the river rat but does no damage.
The river rat is severely wounded.
The river rat barely misses you.
Unknown command.
The river rat attacks as you move away! The river rat closely misses you.
The river rat barely misses you. The river rat attacks as you move away!
The river rat completely misses you.
You enter the shallow water.
Moving in this stuff is going to be slow.
The river rat bites you!
You die...

##### ##~## *
#~# ~ #w#
##†## ##~..##
*
#.....#####..
,
#.....≈≈≈≈≈..
#~r...#####..
##~@.## #####
* *


You could see a worm and a river rat.

Vanquished Creatures
  3 adders
  2 river rats (Sewer)
  4 endoplasms
  A giant cockroach (D:2)
  A ball python (D:3)
  A bat (D:2)
  A rat (D:3)
13 creatures vanquished.

Notes
Turn   | Place    | Note
-------+----------+-------------------------------------------
     0 | D:1      | Senryu the Draconian Earth Elementalist began the quest for
                  | the Orb.
     0 | D:1      | Reached XP level 1. HP: 14/14 MP: 3/3
    18 | D:2      | Reached XP level 2. HP: 20/20 MP: 1/5
    21 | D:2      | Learned a level 2 spell: Passwall
   178 | D:3      | Found a blossoming altar of Fedhas.
   233 | D:3      | Found a glowing drain.
   234 | Sewer    | Entered a sewer
   240 | Sewer    | Reached XP level 3. HP: 20/26 MP: 1/6
   294 | Sewer    | Learned a level 3 spell: Stone Arrow
   418 | Sewer    | Gained mutation: You passively map a small area around you.
                  | [potion of mutation]
   418 | Sewer    | Gained mutation: You are robust. (+10% HP) [potion of
                  | mutation]
   442 | Sewer    | Slain by a river rat

Illustrated notes

Levels and vault maps discovered:
D:1:      lightli_molten_gateway, layout_basic
D:2:      layout_loops_cross, dreamdust_ecumenical_altar_angels_and_demons
D:3:      layout_basic, overflow_temple_1_default, mainiacjoe_overflow_alcove_1,
          portal_sewer_entry_d
Sewer:    sewer_co_15_rooms

Skill      XL: |  1  2 |
---------------+-------+-----
Stealth        | 2 |  2.0
Dodging        | 2 |  2.2
Spellcasting   | |  2.4
Transmutations | |  1.3
Earth Magic    | |  3.8

Action                   || total
-------------------------++-------
Melee: Unarmed           ||     1
 Cast: Sandblast         ||    30
       Passwall          ||     1
       Stone Arrow       ||     3
  Use: Scroll            ||     1
       Potion            ||     2
Armor: Skin              ||     7
Dodge: Dodged            ||    34
